 Dungeon Crawl Stone Soup version 0.21.1-1-g345015f (webtiles) character file.

95 theElss the Cudgeler (level 4, -1/43 HPs)
             Began as a Gargoyle Berserker on Mar 19, 2018.
             Was a Believer of Trog.
             Slain by a gnoll
             ... wielding a +0 halberd
              (5 damage)
             ... on level 3 of the Dungeon.
             The game lasted 00:04:35 (1657 turns).

theElss the Cudgeler (Gargoyle Berserker)           Turns: 1657, Time: 00:04:35

Health: -1/43      AC:  9    Str: 27    XL:     4   Next: 66%
Magic:  4/4        EV: 11    Int:  7    God:    Trog [**....]
Gold:   62         SH:  0    Dex:  9    Spells: 3/3 levels left

rFire    . . .     SeeInvis .   a - +0 mace
rCold    . . .     Gourm    .   (no shield)
rNeg     + . .     Faith    .   d - +0 ring mail
rPois    ∞         Spirit   .   (no helmet)
rElec    +         Reflect  .   (no cloak)
rCorr    .         Harm     .   (no gloves)
MR       .....                  (no boots)
Stlth    ..........             (no amulet)
HPRegen  0.14/turn              (no ring)
MPRegen  0.09/turn              (no ring)

@: berserking, very quick
A: negative energy resistance 1, electricity resistance, unbreathing,
petrification resistance, rot immunity, AC +3
a: Berserk, Trog's Hand, Burn Spellbooks, Renounce Religion


You were on level 3 of the Dungeon.
You worshipped Trog.
Trog was pleased with you.
You were hungry.

You visited 1 branch of the dungeon, and saw 3 of its levels.

You collected 62 gold pieces.

Inventory:

Hand Weapons
 a - a +0 mace (weapon)
Armour
 b - a +0 animal skin
 d - a +0 ring mail (worn)
Jewellery
 n - an uncursed amulet of guardian spirit {unknown}
Scrolls
 g - 2 scrolls of enchant armour {unknown}
 h - a scroll of teleportation {unknown}
 i - a scroll of noise {unknown}
 j - a scroll of blinking {unknown}
 k - a scroll of identify {unknown}
 l - a scroll of enchant weapon {unknown}
Potions
 e - a potion of resistance {unknown}
 m - 2 potions of invisibility {unknown}
 o - 2 potions of curing {unknown}
Comestibles
 c - a ration
 f - 2 chunks of flesh


   Skills:
 + Level 3.9 Fighting
 + Level 4.2 Maces & Flails
 + Level 2.7 Armour
 + Level 2.1 Dodging


You had 3 spell levels left.
You didn't know any spells.

Dungeon Overview and Level Annotations

Branches:
Dungeon (3/15)

Altars:


Innate Abilities, Weirdness & Mutations

You are resistant to torment.
Your stone body is resilient. (AC +3)
You are immune to poison.
You resist negative energy. (rN+)
You are resistant to electric shocks. (rElec)
You can survive without breathing.
You are immune to petrification.
You are immune to rotting.


Message History

The gnoll is moderately wounded.
The gnoll hits you with a halberd.
You closely miss the gnoll.
The gnoll is moderately wounded.
The gnoll hits you but does no damage.
You completely miss the gnoll.
The gnoll is moderately wounded.
The gnoll hits you with a halberd.
You barely miss the gnoll.
The gnoll is moderately wounded.
The gnoll hits you with a halberd!
* * * LOW HITPOINT WARNING * * *
A red film seems to cover your vision as you go berserk!
You feel yourself moving faster!
You feel mighty!
You are feeling hungry.
Unknown command.
You completely miss the gnoll.
The gnoll is moderately wounded.
The gnoll hits you with a halberd.
You die...

## .......##. #.
#>#)...... #. #.#.....#
###.#####.......#
....#..)†.......#
.###..###.#.....#
#....#..........#
#....#..........######..
#....#.>....!(..@g......
#..###........!.###.....
#.## #..........# ###
#.####..........#
#...............#
..######...#.?### #.#
#.#.#... #.######.#.#...
..<.......


You could see a gnoll.

Vanquished Creatures
  3 adders
  2 worms
  A dart slug (D:1)
  2 leopard geckos
  A ball python (D:1)
  2 giant cockroaches
  8 goblins
  5 hobgoblins
  5 jackals (D:2)
  7 kobolds
  A quokka (D:3)
  9 bats
  2 frilled lizards (D:2)
  7 rats
55 creatures vanquished.

Notes
Turn   | Place    | Note
-------+----------+-------------------------------------------
     0 | D:1      | theElss the Gargoyle Berserker began the quest for the Orb.
     0 | D:1      | Reached XP level 1. HP: 14/14 MP: 1/1
    87 | D:1      | Reached XP level 2. HP: 19/19 MP: 2/2
   462 | D:1      | You fall through a shaft!
   470 | D:2      | Reached XP level 3. HP: 24/24 MP: 3/3
   685 | D:1      | Reached ** piety under Trog
  1123 | D:2      | Reached XP level 4. HP: 29/29 MP: 4/4
  1194 | D:2      | Reached skill level 4 in Maces & Flails
  1657 | D:3      | Slain by a gnoll

Skill      XL: |  1  2  3  4 |
---------------+-------------+-----
Dodging        | 2 |  2.1
Maces & Flails | 4 |  4.2
Fighting       | |  3.9
Armour         | |  2.7

Action                   |  1- 3 |  4- 6 || total
-------------------------+-------+-------++-------
Melee: Mace              |   132 |    72 ||   204
Invok: Berserk           |       |     1 ||     1
  Eat: Chunk             |     1 |     2 ||     3
Armor: Ring mail         |    96 |    37 ||   133
Dodge: Dodged            |   119 |    53 ||   172
